 Dungeon Crawl Stone Soup version 0.21.1-1-g345015f (webtiles) character file.

86 theblackcape the Conjurer (level 4, 0/34 HPs)
             Began as a Gnoll Wanderer on June 18, 2018.
             Slain by a goblin
             ... wielding a +0 club
             ... led by Robin
              (2 damage)
             ... on level 3 of the Dungeon.
             The game lasted 00:07:55 (2407 turns).

theblackcape the Conjurer (Gnoll Wanderer)          Turns: 2407, Time: 00:07:56

Health: 0/34       AC:  2    Str: 13    XL:     4   Next: 50%
Magic:  6/8        EV: 12    Int: 17    God:
Gold:   128        SH:  0    Dex: 14    Spells: 5/9 levels left

rFire    . . .     SeeInvis .   h - +0 spear
rCold    . . .     Gourm    .   (no shield)
rNeg     . . .     Faith    .   d - +0 robe
rPois    .         Spirit   .   (no helmet)
rElec    .         Reflect  .   (no cloak)
rCorr    .         Harm     .   (no gloves)
MR       .....                  (no boots)
Stlth    +++.......             (no amulet)
HPRegen  0.11/turn              (no ring)
MPRegen  0.11/turn              (no ring)

@: starving
A: distributed training, fangs 1, strong nose
a: no special abilities


You were on level 3 of the Dungeon.
You were starving.

You visited 1 branch of the dungeon, and saw 3 of its levels.

You collected 128 gold pieces.

Inventory:

Hand Weapons
 h - a +0 spear (weapon)
Armour
 d - a +0 robe (worn)
Jewellery
 l - a cursed -6 ring of strength {unknown}
Wands
 q - a wand of acid (5)
Scrolls
 f - a scroll of enchant armour {unknown}
 i - 2 scrolls of remove curse {unknown}
 j - a scroll of teleportation {unknown}
 m - a scroll of identify {unknown}
 n - a scroll of immolation {unknown}
 p - a scroll of enchant weapon {unknown}
Potions
 e - a potion of curing {unknown}
 k - a potion of resistance {unknown}
 o - a potion of agility {unknown}
Books
 a - a book of Air

   Spells                             Type                      Level
   a - Shock                          Conjuration/Air              1
   b - Swiftness                      Charms/Air                   2
   c - Static Discharge               Conjuration/Air              3
   d - Airstrike                      Air                          4
   e - Lightning Bolt                 Conjuration/Air              5
 b - the Almanac of the Birds

   Spells                             Type                      Level
   a - Shock                          Conjuration/Air              1
   b - Static Discharge               Conjuration/Air              3
 c - the Grimoire of Conjuration

   Spells                             Type                      Level
   a - Shock                          Conjuration/Air              1
   b - Mephitic Cloud                 Conjuration/Poison/Air       3
Comestibles
 g - 4 rations


   Skills:
 + Level 2.7 Fighting
 + Level 1.1 Short Blades
 + Level 1.1 Long Blades
 + Level 1.1 Axes
 + Level 1.1 Maces & Flails
 + Level 1.1 Polearms
 + Level 1.1 Staves
 + Level 1.1 Slings
 + Level 1.1 Bows
 + Level 1.1 Crossbows
 + Level 1.1 Throwing
 + Level 1.1 Armour
 + Level 1.1 Dodging
 + Level 4.2 Stealth
 + Level 2.7 Shields
 + Level 1.1 Unarmed Combat
 + Level 3.0 Spellcasting
 + Level 5.4 Conjurations
 + Level 0.9 Hexes
 + Level 0.9 Charms
 + Level 0.9 Summonings
 + Level 0.9 Necromancy
 + Level 0.9 Translocations
 + Level 0.9 Transmutations
 + Level 0.9 Fire Magic
 + Level 0.9 Ice Magic
 + Level 2.2 Air Magic
 + Level 0.9 Earth Magic
 + Level 0.9 Poison Magic
 + Level 1.2 Invocations
 + Level 2.7 Evocations


You had 5 spell levels left.
You knew the following spells:

 Your Spells              Type           Power        Failure   Level  Hunger
a - Shock                 Conj/Air       ###.         3%          1    None
b - Mephitic Cloud        Conj/Pois/Air  ##......     16%         3    ###....


Dungeon Overview and Level Annotations

Branches:
Dungeon (3/15)

Altars:

Annotations:
D:3 Robin


Innate Abilities, Weirdness & Mutations

Your experience applies equally to all skills.
You have very sharp teeth.
Your uncanny sense of smell can sniff out nearby items.


Message History

The goblin hits you but does no damage.
The hobgoblin hits you but does no damage.
The frilled lizard closely misses you. The goblin hits you with a dagger.
You hit the hobgoblin but do no damage. Your bite misses the hobgoblin.
Robin closely misses you. The goblin hits you but does no damage.
The hobgoblin hits you with a club. The frilled lizard bites you.
The goblin barely misses you.
You hit the hobgoblin but do no damage. Robin completely misses you.
The goblin hits you with a club.
* * * LOW HITPOINT WARNING * * *
The hobgoblin barely misses you. The frilled lizard bites you.
* * * LOW HITPOINT WARNING * * *
The goblin hits you with a dagger.
* * * LOW HITPOINT WARNING * * *
You don't have the energy to cast that spell.
You don't have the energy to cast that spell.
You barely miss the hobgoblin. Robin hits you from afar with a spear.
* * * LOW HITPOINT WARNING * * *
The goblin hits you with a club.
You die...

#.... ..#..≈≈≈≈(≈≈
#.... #.#..≈≈≈≈...
....###.#........≈
#.........≈≈≈≈≈.≈
#.........≈≈≈l≈.≈
#.........≈≈≈≈≈.≈
#.....gs..≈≈≈≈≈.≈
#.....lg#?.......
#.....g@#.#.###..
#######g#.#.#
#.....gg.# #
#.###..#)# #
∆#..#g# .. #..#)#
###.#..#g.
#..<...######
#.####......#


You could see Robin, a giant cockroach, a hobgoblin, 5 goblins and a frilled
lizard.

Vanquished Creatures
  4 adders
  2 oozes (D:1)
  A worm (D:2)
  5 bats
  2 giant cockroaches (D:2)
  7 goblins
  2 hobgoblins
  6 jackals (D:1)
  5 kobolds
  A quokka (D:2)
  A ball python (D:1)
  A frilled lizard (D:2)
  4 rats
41 creatures vanquished.

Notes
Turn   | Place    | Note
-------+----------+-------------------------------------------
     0 | D:1      | theblackcape the Gnoll Wanderer began the quest for the Orb.
     0 | D:1      | theblackcape set off with: a book of Air, the Almanac of the Birds, the Grimoire of Conjuration, a +0 robe, a +0 club, a +0 dagger, a ration
     0 | D:1      | Reached XP level 1. HP: 17/17 MP: 4/4
     0 | D:1      | Identified the Almanac of the Birds
     0 | D:1      | Identified the Grimoire of Conjuration
     2 | D:1      | Learned a level 1 spell: Shock
    59 | D:1      | Reached XP level 2. HP: 20/23 MP: 5/5
   499 | D:1      | Reached XP level 3. HP: 24/28 MP: 7/7
  1048 | D:2      | Reached skill level 1 in Invocations
  1139 | D:2      | Learned a level 3 spell: Mephitic Cloud
  1339 | D:2      | Reached skill level 1 in Short Blades
  1339 | D:2      | Reached skill level 1 in Long Blades
  1339 | D:2      | Reached skill level 1 in Axes
  1339 | D:2      | Reached skill level 1 in Maces & Flails
  1339 | D:2      | Reached skill level 1 in Polearms
  1339 | D:2      | Reached skill level 1 in Staves
  1339 | D:2      | Reached skill level 1 in Slings
  1339 | D:2      | Reached skill level 1 in Bows
  1339 | D:2      | Reached skill level 1 in Crossbows
  1339 | D:2      | Reached skill level 1 in Throwing
  1339 | D:2      | Reached skill level 1 in Armour
  1339 | D:2      | Reached skill level 1 in Dodging
  1339 | D:2      | Reached skill level 1 in Unarmed Combat
  1450 | D:2      | Reached XP level 4. HP: 17/34 MP: 4/8
  2393 | D:3      | Noticed Robin
  2407 | D:3      | Slain by a goblin

Skill      XL: |  1  2  3  4 |
---------------+-------------+-----
Air Magic      | 2 |  2.2
Invocations    | 1 |  1.2
Short Blades   | 1 |  1.1
Long Blades    | 1 |  1.1
Axes           | 1 |  1.1
Maces & Flails | 1 |  1.1
Polearms       | 1 |  1.1
Staves         | 1 |  1.1
Slings         | 1 |  1.1
Bows           | 1 |  1.1
Crossbows      | 1 |  1.1
Throwing       | 1 |  1.1
Armour         | 1 |  1.1
Dodging        | 1 |  1.1
Unarmed Combat | 1 |  1.1
Spellcasting   | 3 |  3.0
Fighting       | |  2.7
Stealth        | |  4.2
Shields        | |  2.7
Conjurations   | |  5.4
Hexes          | |  0.9
Charms         | |  0.9
Summonings     | |  0.9
Necromancy     | |  0.9
Translocations | |  0.9
Transmutations | |  0.9
Fire Magic     | |  0.9
Ice Magic      | |  0.9
Earth Magic    | |  0.9
Poison Magic   | |  0.9
Evocations     | |  2.7

Action                   |  1- 3 |  4- 6 || total
-------------------------+-------+-------++-------
Melee: Spear             |   108 |    22 ||   130
       Bite              |     5 |       ||     5
 Cast: Shock             |    16 |    13 ||    29
       Mephitic Cloud    |     2 |     2 ||     4
 Stab: Sleeping          |     6 |     1 ||     7
  Eat: Chunk             |     2 |     1 ||     3
Armor: Robe              |    19 |     5 ||    24
Dodge: Dodged            |    55 |    17 ||    72
